 Dungeon Crawl Stone Soup version 0.32-a0-485-g70f7560b1c (webtiles) character file.

Game seed: 11619631997656887118

40 CowFu the Trooper (level 3, -4/33 HPs)
             Began as a Mountain Dwarf Fighter on Feb 27, 2024.
             Killed from afar by Natasha (7 damage)
             ... with a magic dart
             ... on level 2 of the Dungeon.
             The game lasted 00:01:19 (847 turns).

CowFu the Trooper (Mountain Dwarf Fighter)           Turns: 847, Time: 00:01:20

Health: -4/33      AC: 11    Str: 19 (20) XL:     3   Next: 30%
Magic:  3/3        EV:  5    Int:  6 (8)  God:
Gold:   33         SH:  4    Dex:  8 (9)  Spells: 2/2 levels left

rFire   . . .        a - +0 flail
rCold   . . .        c - +0 buckler
rNeg    . . .        e - +0 plate armour
rPois   .            (no helmet)
rElec   .            (no cloak)
rCorr   .            (no gloves)
SInv    .            (no boots)
Will    .....        (no amulet) Stlth
                     (no ring)
HPRegen 0.25/turn    (no ring)
MPRegen 0.08/turn

%: no passive effects
@: slowed, very slow
A: runic magic, artefact enchanting
a: no special abilities


You were on level 2 of the Dungeon.
You visited 1 branch of the dungeon, and saw 2 of its levels.

You collected 33 gold pieces.

Inventory:

Hand Weapons
 a - a +0 flail (weapon)
Armour
 c - a +0 buckler (worn)
 e - a +0 plate armour (worn)
Scrolls
 b - a scroll of fog {unknown}
 g - 2 scrolls of identify {unknown}
Potions
 d - a potion of might
 f - a potion of degeneration


   Skills:
 + Level 3.8 Fighting
 + Level 3.1 Maces & Flails
 + Level 3.7 Armour
 + Level 3.6 Shields


You had 2 spell levels left.
You didn't know any spells.
Your spell library was empty.

Dungeon Overview and Level Annotations

Branches:
Dungeon (2/15)

Altars:

Annotations:
D:2 Natasha


Innate Abilities, Weirdness & Mutations

Your spellcasting is much less encumbered by armour.
You can use scrolls of enchantment on lesser artefacts.


Message History

You condense into your normal self.
Your +0 flail unmelds from your body.
Your +0 buckler unmelds from your body.
Your +0 plate armour unmelds from your body.
The cerulean imp attacks as it pursues you!
The cerulean imp hits you but does no damage.
Natasha attacks as she pursues you! Natasha claws you but does no damage.
The cerulean imp hits you but does no damage.
Natasha claws you but does no damage.
You hit Natasha.
Natasha is moderately wounded.
The cerulean imp hits you but does no damage.
Natasha stares at you and mumbles some strange words.
You feel as though you will be slow longer.
You block the cerulean imp's attack.
Natasha wildly gestures.
Natasha's front paws start to glow.
Natasha claws you but does no damage.
You barely miss Natasha.
Natasha is moderately wounded.
The cerulean imp hits you from afar with a +2 spear.
Natasha stares at you and mumbles some strange words.
The magic dart hits you!
* * * LOW HITPOINT WARNING * * *
The cerulean imp hits you from afar with a +2 spear.
* * * LOW HITPOINT WARNING * * *
Natasha claws you but does no damage.
You closely miss Natasha.
Natasha is moderately wounded.
The cerulean imp closely misses you. Natasha claws you but does no damage.
You block the cerulean imp's attack. Natasha barely misses you.
It was a potion of degeneration.
There was something very wrong with that liquid.
You feel weakened.
You feel dopey.
You feel clumsy.
The cerulean imp hits you but does no damage.
Natasha casts a spell.
The cerulean imp hits you but does no damage.
Natasha stares at you and mumbles some strange words.
The magic dart hits you!
You die...
Natasha begins licking her fur clean.

#..#...###+##
#..#........#
#..#........#
###...#.......#
#...#..#####+##
#...##5.## #.#
#..5###.5###.# ###h#
##h.##.# ####@#
##..#.####### #...5#
##.....?.)..
#.##########..####...
####.#......<###.#
.## #....##.######
#..# .# #.#####.#
##[.. ## #.#.....#
#.># #.#.##### #.#
#.#.....# .#


You could see Natasha and 2 cerulean imps.

Vanquished Creatures
  2 ball pythons (D:1)
  2 endoplasms
  3 giant cockroaches (D:1)
  4 goblins (D:1)
  2 hobgoblins (D:1)
  4 jackals (D:1)
  A quokka (D:1)
  6 bats (D:1)
  2 frilled lizards (D:1)
  3 kobolds (D:1)
  7 rats
36 creatures vanquished.

Notes
Turn   | Place    | Note
-------+----------+-------------------------------------------
     0 | D:1      | CowFu the Mountain Dwarf Fighter began the quest for the
                  | Orb.
     0 | D:1      | Reached XP level 1. HP: 19/19 MP: 1/1
   112 | D:1      | Reached XP level 2. HP: 26/26 MP: 2/2
   402 | D:1      | Reached XP level 3. HP: 33/33 MP: 3/3
   818 | D:2      | Noticed Natasha
   847 | D:2      | Killed from afar by Natasha

Illustrated notes

Levels and vault maps discovered:
D:1:      dpeg_arrival_subterranean_lakeside_camping, layout_loops_ring
D:2:      layout_basic, basic_altar, basic_ecumenical_altar,
          lexackson_kobold_supper, uniq_natasha

Skill      XL: |  1  2 |
---------------+-------+-----
Maces & Flails | 3 |  3.1
Fighting       | |  3.8
Armour         | |  3.7
Shields        | |  3.6

Action                     || total
---------------------------++-------
  Melee: Flail             ||    99
         Unarmed           ||     4
    Use: Potion            ||     1
 Armour: Plate armour      ||   106
         Skin              ||     6
  Dodge: Dodged            ||    43
  Block: Buckler           ||    23

Table legend: (Time is in decaauts)
 A = Elapsed time spent in this place.
 B = Non-inter-level travel time spent in this place.
 C = Inter-level travel time spent in this place.
 D = Time resting spent in this place.
 E = Time spent auto-exploring this place.
 F = Levels seen in this place.
 G = Mean time per level.
                   A        B        C        D        E       F      G
               +--------+--------+--------+--------+--------+-----+--------+
         Total |    881 |    865 |     16 |      0 |    618 |   2 |  440.5 |
       Dungeon |    881 |    865 |     16 |      0 |    618 |   2 |  440.5 |
               +--------+--------+--------+--------+--------+-----+--------+

Top non-repeatable levels by time:
     D:1: 765 daAuts
     D:2: 116 daAuts
